[ AOE2 MATCH · #483471117 ]
1v1 RMPersians vs Ethiopians
Player's team · LOSS
[ REPLAY ANALYSIS · EXTRACTED FROM THE RECORDED GAME ]
Feudal
—
Castle
—
Imperial
—
| APM avg | 52.1 |
| APM peak | 105 |
| eAPM avg | 29.2 |
| Villagers / military | 80 / 26 |
Focus
⚔️ 17.3% · 🌾 82.7%
War Elephant ×10 · Knight ×9 · Scout Cavalry ×4 · Mangonel ×3
Feudal
—
Castle
—
Imperial
—
| APM avg | 60.3 |
| APM peak | 132 |
| eAPM avg | 28.9 |
| Villagers / military | 91 / 66 |
Focus
⚔️ 20.4% · 🌾 79.6%
Archer ×44 · Spearman ×11 · Monk ×5 · Militia ×5 · Shotel Warrior ×1
Match map
Initial resources + every placement click. Lines = walls · curves = elevation contours. ◆ gold · ⬟ stone · ● berries · ✦ relic · ◌ wall gap
Your base· Open — 5t gap
Sir_ Arlan de Pennetry's base· Open — unwalled flank
Smoothed initial terrain · ◌ = detected wall gap · hover for details
Inputs per minute
— Kamel838509 - - Sir_ Arlan de Pennetry
Build order — Kamel838509
First 150 of 217 actions detected
| 0:01 | Create | Villager (Male) |
| 0:02 | Create | Villager (Male) |
| 0:02 | Create | Villager (Male) |
| 0:02 | Create | Villager (Male) |
| 0:04 | Build | House |
| 0:06 | Build | House |
| 0:52 | Create | Villager (Male) |
| 1:48 | Create | Villager (Male) |
| 1:48 | Create | Villager (Male) |
| 1:57 | Build | Lumber Camp |
| 2:35 | Create | Villager (Male) |
| 2:48 | Research | Loom |
| 3:30 | Create | Villager (Male) |
| 3:31 | Create | Villager (Male) |
| 4:05 | Build | House |
| 4:08 | Build | House |
| 4:13 | Create | Villager (Male) |
| 4:18 | Create | Villager (Male) |
| 4:55 | Build | Mill |
| 5:14 | Create | Villager (Male) |
| 5:15 | Create | Villager (Male) |
| 5:44 | Create | Villager (Male) |
| 5:45 | Create | Villager (Male) |
| 6:12 | Create | Villager (Male) |
| 6:12 | Create | Villager (Male) |
| 7:34 | Research | Feudal Age |
| 7:57 | Build | Barracks |
| 7:58 | Build | House |
| 8:11 | Build | Palisade Wall |
| 8:21 | Build | Palisade Wall |
| 8:31 | Create | Villager (Male) |
| 8:31 | Create | Villager (Male) |
| 8:47 | Build | Palisade Wall |
| 8:58 | Build | House |
| 9:00 | Build | Palisade Wall |
| 9:09 | Build | Palisade Wall |
| 9:31 | Create | Villager (Male) |
| 9:31 | Create | Villager (Male) |
| 9:32 | Create | Villager (Male) |
| 9:47 | Build | Stable |
| 9:56 | Build | Palisade Gate |
| 10:23 | Research | Double-Bit Axe |
| 11:13 | Build | House |
| 11:14 | Build | Palisade Wall |
| 11:17 | Create | Scout Cavalry |
| 11:20 | Create | Villager (Male) |
| 11:55 | Create | Villager (Male) |
| 11:56 | Create | Villager (Male) |
| 11:58 | Build | Farm |
| 11:59 | Build | Farm |
| 11:59 | Build | Farm |
| 11:59 | Build | Farm |
| 11:59 | Build | Farm |
| 11:59 | Build | Farm |
| 12:00 | Build | Farm |
| 12:21 | Create | Scout Cavalry |
| 12:33 | Build | Farm |
| 12:34 | Build | Farm |
| 12:34 | Build | Farm |
| 12:34 | Build | Farm |
| 12:40 | Build | House |
| 12:48 | Create | Villager (Male) |
| 12:49 | Create | Villager (Male) |
| 12:49 | Create | Villager (Male) |
| 12:49 | Create | Villager (Male) |
| 12:49 | Create | Villager (Male) |
| 12:49 | Create | Villager (Male) |
| 13:05 | Build | Farm |
| 13:12 | Create | Scout Cavalry |
| 13:37 | Build | Farm |
| 13:37 | Build | Farm |
| 13:37 | Build | Farm |
| 13:37 | Build | Farm |
| 14:32 | Build | Blacksmith |
| 14:45 | Create | Villager (Male) |
| 14:45 | Create | Villager (Male) |
| 14:53 | Create | Villager (Male) |
| 14:53 | Create | Villager (Male) |
| 15:06 | Create | Scout Cavalry |
| 15:11 | Build | Farm |
| 15:12 | Build | Farm |
| 15:12 | Build | Farm |
| 15:12 | Build | Farm |
| 15:32 | Create | Villager (Male) |
| 15:33 | Create | Villager (Male) |
| 15:33 | Create | Villager (Male) |
| 15:43 | Create | Villager (Male) |
| 15:43 | Create | Villager (Male) |
| 16:15 | Build | Stone Wall |
| 16:23 | Build | Mining Camp |
| 16:31 | Create | Villager (Male) |
| 16:31 | Create | Villager (Male) |
| 17:13 | Build | Market |
| 17:39 | Research | Wheelbarrow |
| 17:55 | Research | Castle Age |
| 18:13 | Build | Stable |
| 18:17 | Build | Stable |
| 18:28 | Build | Stone Wall |
| 18:37 | Build | Stone Wall |
| 18:47 | Build | House |
| 18:54 | Research | Bloodlines |
| 19:26 | Research | Forging |
| 20:24 | Create | Knight |
| 20:25 | Create | Knight |
| 20:25 | Create | Knight |
| 20:33 | Create | Knight |
| 20:34 | Create | Knight |
| 20:34 | Create | Knight |
| 20:34 | Create | Knight |
| 20:37 | Create | Villager (Male) |
| 20:38 | Create | Villager (Male) |
| 20:46 | Build | Farm |
| 21:08 | Research | Iron Casting |
| 21:46 | Create | Villager (Male) |
| 21:46 | Create | Villager (Male) |
| 22:06 | Build | Town Center |
| 22:35 | Create | Knight |
| 22:35 | Create | Knight |
| 22:39 | Build | Farm |
| 22:39 | Build | Farm |
| 23:01 | Create | Villager (Male) |
| 23:01 | Create | Villager (Male) |
| 23:04 | Build | Farm |
| 23:04 | Build | Farm |
| 24:04 | Build | Lumber Camp |
| 24:27 | Create | Villager (Male) |
| 24:28 | Create | Villager (Male) |
| 24:28 | Create | Villager (Male) |
| 24:40 | Build | Farm |
| 25:00 | Build | Farm |
| 25:56 | Build | Farm |
| 26:54 | Build | Castle |
| 27:58 | Create | Villager (Male) |
| 27:59 | Create | Villager (Male) |
| 28:00 | Create | Villager (Male) |
| 28:44 | Research | Fletching |
| 28:55 | Build | Farm |
| 29:00 | Build | Farm |
| 29:07 | Build | Farm |
| 29:10 | Build | Farm |
| 29:17 | Create | Villager (Male) |
| 29:40 | Build | Farm |
| 29:59 | Build | Siege Workshop |
| 30:22 | Build | Farm |
| 30:42 | Research | Bow Saw |
| 30:50 | Create | Mangonel |
| 30:50 | Create | Mangonel |
| 30:55 | Create | Villager (Male) |
| 30:56 | Create | Villager (Male) |
| 31:06 | Create | Villager (Male) |
Build order — Sir_ Arlan de Pennetry
First 150 of 283 actions detected
| 0:06 | Create | Villager (Male) |
| 0:06 | Create | Villager (Male) |
| 0:07 | Create | Villager (Male) |
| 0:09 | Build | House |
| 0:15 | Build | House |
| 0:25 | Create | Villager (Male) |
| 0:25 | Create | Villager (Male) |
| 1:40 | Create | Villager (Male) |
| 2:19 | Create | Villager (Male) |
| 2:32 | Build | Lumber Camp |
| 2:57 | Create | Villager (Male) |
| 3:14 | Create | Villager (Male) |
| 4:01 | Create | Villager (Male) |
| 4:07 | Build | House |
| 4:23 | Create | Villager (Male) |
| 4:40 | Create | Villager (Male) |
| 4:49 | Create | Villager (Male) |
| 4:58 | Research | Loom |
| 5:08 | Build | Mill |
| 5:17 | Create | Villager (Male) |
| 6:45 | Create | Villager (Male) |
| 7:14 | Create | Villager (Male) |
| 7:36 | Research | Feudal Age |
| 7:57 | Build | Barracks |
| 8:04 | Build | Farm |
| 8:22 | Build | House |
| 8:39 | Build | Farm |
| 9:16 | Create | Villager (Male) |
| 9:26 | Build | House |
| 9:33 | Build | Palisade Wall |
| 9:49 | Create | Villager (Male) |
| 9:55 | Research | Double-Bit Axe |
| 9:58 | Create | Militia |
| 10:02 | Research | Man-at-Arms (upgrade) |
| 10:12 | Create | Villager (Male) |
| 10:18 | Build | Mining Camp |
| 10:25 | Create | Villager (Male) |
| 10:46 | Build | Farm |
| 11:09 | Create | Militia |
| 11:26 | Build | Farm |
| 11:26 | Build | Farm |
| 11:26 | Build | Farm |
| 11:27 | Build | Farm |
| 11:27 | Build | Farm |
| 11:27 | Build | Farm |
| 11:28 | Build | Farm |
| 11:28 | Build | Farm |
| 11:28 | Build | Farm |
| 11:34 | Create | Villager (Male) |
| 11:42 | Create | Militia |
| 11:51 | Create | Villager (Male) |
| 11:54 | Build | Farm |
| 12:03 | Build | Farm |
| 12:05 | Create | Villager (Male) |
| 12:28 | Create | Militia |
| 12:28 | Create | Militia |
| 12:54 | Build | House |
| 12:57 | Build | House |
| 13:01 | Build | Palisade Wall |
| 13:24 | Create | Spearman |
| 13:31 | Build | House |
| 13:36 | Build | House |
| 14:08 | Create | Spearman |
| 14:16 | Build | Blacksmith |
| 14:58 | Build | Palisade Wall |
| 15:01 | Build | Palisade Wall |
| 15:02 | Create | Villager (Male) |
| 15:07 | Build | Archery Range |
| 15:22 | Create | Villager (Male) |
| 15:43 | Create | Spearman |
| 15:51 | Create | Archer |
| 16:09 | Create | Villager (Male) |
| 16:17 | Build | House |
| 16:32 | Create | Villager (Male) |
| 16:54 | Build | Palisade Wall |
| 16:58 | Create | Archer |
| 17:11 | Create | Archer |
| 17:21 | Build | House |
| 17:24 | Build | House |
| 17:30 | Build | Palisade Wall |
| 17:32 | Build | Palisade Wall |
| 17:49 | Create | Archer |
| 17:53 | Research | Castle Age |
| 18:58 | Build | Archery Range |
| 19:06 | Research | Gold Mining |
| 19:10 | Create | Archer |
| 19:10 | Create | Archer |
| 19:11 | Create | Spearman |
| 19:19 | Create | Spearman |
| 19:45 | Create | Archer |
| 19:45 | Create | Archer |
| 19:47 | Create | Archer |
| 20:02 | Research | Fletching |
| 20:05 | Create | Archer |
| 20:05 | Create | Archer |
| 20:07 | Create | Spearman |
| 20:37 | Build | Town Center |
| 20:45 | Research | Crossbowman (upgrade) |
| 20:58 | Build | Town Center |
| 21:02 | Create | Villager (Male) |
| 21:16 | Create | Villager (Male) |
| 22:03 | Create | Villager (Male) |
| 22:16 | Create | Archer |
| 22:16 | Create | Archer |
| 22:16 | Create | Archer |
| 22:45 | Create | Archer |
| 22:45 | Create | Archer |
| 22:45 | Create | Archer |
| 22:51 | Create | Villager (Male) |
| 22:53 | Create | Villager (Male) |
| 22:57 | Build | Farm |
| 22:57 | Build | Farm |
| 22:58 | Build | Farm |
| 22:58 | Build | Farm |
| 22:58 | Build | Farm |
| 24:23 | Create | Villager (Male) |
| 24:24 | Create | Villager (Male) |
| 24:24 | Create | Villager (Male) |
| 24:41 | Build | Market |
| 24:48 | Create | Villager (Male) |
| 24:49 | Create | Villager (Male) |
| 24:49 | Create | Villager (Male) |
| 24:56 | Build | Farm |
| 24:57 | Build | Farm |
| 24:57 | Build | Farm |
| 24:57 | Build | Farm |
| 24:57 | Build | Farm |
| 24:58 | Build | Farm |
| 24:58 | Build | Farm |
| 25:38 | Create | Archer |
| 25:38 | Create | Archer |
| 25:40 | Create | Spearman |
| 25:49 | Build | House |
| 25:56 | Create | Archer |
| 25:56 | Create | Archer |
| 26:24 | Create | Archer |
| 26:25 | Create | Archer |
| 26:26 | Create | Spearman |
| 26:30 | Create | Villager (Male) |
| 26:30 | Create | Villager (Male) |
| 26:45 | Build | Town Center |
| 26:49 | Create | Villager (Male) |
| 26:50 | Create | Villager (Male) |
| 26:50 | Create | Villager (Male) |
| 26:52 | Create | Villager (Male) |
| 26:52 | Create | Villager (Male) |
| 27:08 | Create | Villager (Male) |
| 27:09 | Create | Villager (Male) |
| 27:14 | Create | Archer |
| 27:15 | Create | Archer |
Match timeline
| 7:57 | Sir_ Arlan de Pennetry · first_building Barracks |
| 7:57 | Kamel838509 · first_building Barracks |
| 8:11 | Kamel838509 · wall_segment Palisade Wall x11 |
| 8:21 | Kamel838509 · wall_segment Palisade Wall x11 |
| 8:47 | Kamel838509 · wall_segment Palisade Wall x4 |
| 9:00 | Kamel838509 · wall_segment Palisade Wall x1 |
| 9:09 | Kamel838509 · wall_segment Palisade Wall x12 |
| 9:33 | Sir_ Arlan de Pennetry · wall_segment Palisade Wall x1 |
| 9:47 | Kamel838509 · first_building Stable |
| 11:14 | Kamel838509 · wall_segment Palisade Wall x1 |
| 13:01 | Sir_ Arlan de Pennetry · wall_segment Palisade Wall x1 |
| 14:58 | Sir_ Arlan de Pennetry · wall_segment Palisade Wall x9 |
| 15:01 | Sir_ Arlan de Pennetry · wall_segment Palisade Wall x4 |
| 15:07 | Sir_ Arlan de Pennetry · first_building Archery Range |
| 16:15 | Kamel838509 · wall_segment Stone Wall x6 |
| 16:54 | Sir_ Arlan de Pennetry · wall_segment Palisade Wall x1 |
| 17:30 | Sir_ Arlan de Pennetry · wall_segment Palisade Wall x9 |
| 17:32 | Sir_ Arlan de Pennetry · wall_segment Palisade Wall x1 |
| 18:28 | Kamel838509 · wall_segment Stone Wall x1 |
| 18:37 | Kamel838509 · wall_segment Stone Wall x2 |
| 19:51 | Kamel838509 · first_market_sell 100 wood |
| 19:53 | Kamel838509 · first_market_buy 100 food |
| 26:39 | Sir_ Arlan de Pennetry · first_market_buy 100 wood |
| 26:54 | Kamel838509 · first_building Castle |
| 29:59 | Kamel838509 · first_building Siege Workshop |
| 32:28 | Sir_ Arlan de Pennetry · first_building Monastery |
| 32:47 | Kamel838509 · first_building Archery Range |
| 33:33 | Sir_ Arlan de Pennetry · first_building Castle |
| 36:04 | Sir_ Arlan de Pennetry · first_market_sell 100 food |
| 40:51 | Kamel838509 · resign |
[ AI ANALYSIS · 1 CREDIT ]
What really happened in this match?
Wolo.gg analyzes every decision: build order, eco, micro, common mistakes by bracket. Personalized analysis on WhatsApp or Discord in 30 seconds.
Civ guide
Persians
Map guide
Arabia
Perfil
Kamel838509